 Dungeon Crawl Stone Soup version 0.25.1-2-g60ff931df9 (webtiles) character file.

Game seed: 867625870714950534

20479 lepoulpe303 the Grappler (level 12, -7/115 HPs)
             Began as a Troll Abyssal Knight on Sept 16, 2020.
             Was the Champion of Lugonu.
             Mangled by a komodo dragon (26 damage)
             ... on level 4 of the Lair of Beasts.
             The game lasted 00:45:59 (12335 turns).

lepoulpe303 the Grappler (Troll Abyssal Knight)    Turns: 12335, Time: 00:45:59

Health: -7/115     AC:  9    Str: 27    XL:     12   Next: 45%
Magic:  18/18      EV: 12    Int:  6    God:    Lugonu [******]
Gold:   848        SH:  0    Dex: 11    Spells: 11/11 levels left

rFire    + . .     SeeInvis .     - Unarmed
rCold    . . .     Gourm    +   (no shield)
rNeg     . . .     Faith    .   v - +1 troll leather armour {Purgy}
rPois    .         Spirit   .   (helmet restricted)
rElec    .         Reflect  .   (no cloak)
rCorr    +         Harm     .   (gloves unavailable)
MR       .....                  (boots unavailable)
Stlth    +.........             N - amulet of the acrobat
HPRegen  1.09/turn              C - ring of resist corrosion
MPRegen  0.16/turn              F - ring of protection from fire

@: no status effects
A: large, unfitting armour, claws 3, dopey 1, fast metabolism 3, gourmand,
mutation resistance 1, regeneration 1, shaggy fur 1, strong 1, tough skin 3
a: Depart the Abyss, Bend Space, Banish, Corrupt, Enter the Abyss, Brand Weapon
With Distortion, Renounce Religion


You were on level 4 of the Lair of Beasts.
You worshipped Lugonu.
Lugonu was exalted by your worship.
You were completely stuffed.

You visited 2 branches of the dungeon, and saw 14 of its levels.
You visited the Abyss 1 time.
You also visited: Sewer.

You collected 848 gold pieces.

Inventory:

Missiles
 p - 44 poisoned darts
 A - 4 large rocks {!d}
 H - 2 throwing nets {=f}
 M - 3 javelins
 Q - 398 stones (quivered)
Armour
 v - a +1 troll leather armour (worn) {Purgy}
Jewellery
 m - an uncursed ring of protection from magic
 y - an uncursed ring of stealth {Stlth+}
 C - a ring of resist corrosion (left claw)
 F - a ring of protection from fire (right claw)
 I - an uncursed amulet of reflection
 N - an amulet of the acrobat (around neck)
 R - an uncursed amulet of regeneration
 S - an uncursed ring of see invisible
Wands
 a - a wand of acid (8)
 r - a wand of disintegration (14)
 D - a wand of digging (16)
 L - a wand of flame (16)
Scrolls
 c - 2 scrolls of enchant weapon
 f - 2 scrolls of immolation {unknown}
 g - 3 scrolls of fear
 i - 9 scrolls of identify
 j - a scroll of random uselessness {unknown}
 k - 2 scrolls of enchant armour
 o - 2 scrolls of amnesia {unknown}
 s - 2 scrolls of fog {unknown}
 t - 9 scrolls of teleportation
 w - 3 scrolls of remove curse
 B - 3 scrolls of blinking {!r}
 G - 2 scrolls of acquirement {unknown}
 J - 3 scrolls of magic mapping {unknown}
 P - a scroll of torment {unknown}
 T - 2 scrolls of noise {unknown}
Potions
 d - 4 potions of might
 h - 2 potions of haste
 l - 3 potions of heal wounds
 n - a potion of resistance
 q - 7 potions of curing
 u - 3 potions of mutation {!q}
 x - 3 potions of brilliance
 z - 2 potions of lignification {!q}
 E - a potion of berserk rage {!q}
 K - 2 potions of flight
Comestibles
 b - 12 chunks of flesh
 e - 39 rations


   Skills:
 + Level 6.8 Fighting
 + Level 7.0 Throwing
 - Level 4.0 Armour
 + Level 6.7 Dodging
 * Level 11.0 Unarmed Combat
 * Level 10.0 Invocations
 + Level 1.8 Evocations


You had 11 spell levels left.
You didn't know any spells.
Your spell library contained the following spells:

 Spells                   Type           Power        Failure   Level  Hunger
 Freeze                   Ice            #...         50%         1    ##.....
 Magic Dart               Conj           #...         50%         1    ##.....
 Sandblast                Erth           #.....       50%         1    ##.....
 Passwall                 Tmut/Erth      #.......     63%         2    ###....
 Searing Ray              Conj           #.....       63%         2    ###....
 Dazzling Flash           Conj/Hex       #.....       86%         3    ####...
 Frozen Ramparts          Ice            #.....       86%         3    ####...
 Ozocubu's Armour         Chrm/Ice       #.......     86%         3    ####...
 Stone Arrow              Conj/Erth      #.....       86%         3    ####...
 Fulminant Prism          Conj/Hex       #.........   99%         4    #####..
 Hailstorm                Conj/Ice       #.......     99%         4    #####..
 Iskenderun's Mystic Bla  Conj/Tloc      #.......     99%         4    #####..
 Petrify                  Tmut/Erth      #.......     99%         4    #####..
 Summon Ice Beast         Ice/Summ       #.......     99%         4    #####..
 Bolt of Magma            Conj/Fire/Erth #.........   100%        5    ######.
 Iskenderun's Battlesphe  Conj/Chrm      #.......     100%        5    ######.
 Lee's Rapid Deconstruct  Erth           #.........   100%        5    ######.
 Iron Shot                Conj/Erth      #.........   100%        6    #######
 Orb of Destruction       Conj           #.........   100%        7    #######
 Spellforged Servitor     Conj/Summ      #.........   100%        7    #######


Dungeon Overview and Level Annotations

Branches:
Dungeon (10/15)            Temple (0/1) D:5            Lair (4/6) D:10
 Shoals (0/4) Lair:3          Orc (0/2) D:9           Sewer (visited)
  Snake: Lair:2-4    Spider: Lair:2-4

Altars:
Nemelex Xobeh
Xom
The Shining One


Innate Abilities, Weirdness & Mutations

You are too large for most types of armour.
You have claws for hands.
Your metabolism is lightning-fast.
You like to eat raw meat.
Your natural rate of healing is unusually fast.
You are covered in fur. (AC +1)
You have extremely tough skin. (AC +3)
You are dopey. (Int -2)
You are somewhat resistant to further mutation.
Your muscles are strong. (Str +2)


Message History

The elephant trunk-slaps you but does no damage.
You take 7 damage, and have 50/115 hp.
You claw the elephant!
You kill the elephant!
Your Unarmed Combat skill increases to level 11!
The yak gores you.
* * * LOW HITPOINT WARNING * * *
The yak gores you!
* * * LOW HITPOINT WARNING * * *
The yak gores you.
* * * LOW HITPOINT WARNING * * *
You take 11 damage, and have 39/115 hp.
You closely miss the komodo dragon. The elephant tramples you!
* * * LOW HITPOINT WARNING * * *
You hold your ground!
The elephant barely misses you. The yak gores you!
* * * LOW HITPOINT WARNING * * *
The yak barely misses you. The yak gores you but does no damage.
You take 20 damage, and have 19/115 hp.
You barely miss the komodo dragon. The komodo dragon bites you!!
You die...

..8..>..8. ........
...8.[. ###..... ##
# #.#....#..# #
#..#.(.#..# .
#.....# . #8YlY8# .
#..@Y.# .
##.8Y#..... .
####Y..............
........>......
.#.####........ .##
#.....# P . ##.....
. ....###..
#........


You could see 2 elephants, a komodo dragon and 3 yaks.

Levels and vault maps discovered:
D:1:      dpeg_arrival_chambers_temple_mockup, layout_basic,
          serial_bayou_lagoon_b
D:2:      layout_rooms
D:3:      layout_rooms, gup_sewer_entry_bowl, mrwooster_statue_mirror, uniq_ijyb
D:4:      layout_rooms
D:5:      layout_basic, temple_fountains, first_ration
D:6:      layout_gridville
D:7:      layout_rooms, xom_confusion_cloud, grunt_ogre_cave
D:8:      layout_basic, basic_altar, minivault_22,
          minmay_guarded_unrand_finisher
D:9:      layout_basic, david_orc_4, nemelex_xobeh_ov_fountains_minmay
D:10:     layout_loops_ring, minmay_lair_entry_grove, kennysheep_dice
Lair:1:   layout_misc_corridors, wad_woods_road_05, lemuel_fruit_fields
Lair:2:   layout_roguey, beast_lair_carwin_2
Lair:3:   layout_cave_shapes, minmay_shoals_entry_beasts, grunt_megastairs_2,
          lemuel_fruit_tree
Lair:4:   layout_regular_city, nicolae_spider_entry_non_spiders,
          lightli_volcano_entry_magma_tube, grunt_megastairs_3,
          lemuel_fruit_fields

Notes
Turn   | Place    | Note
-------+----------+-------------------------------------------
     0 | Abyss:1  | lepoulpe303 the Troll Abyssal Knight began the quest for
                  | the Orb.
     0 | Abyss:1  | Reached XP level 1. HP: 22/22 MP: 1/1
     1 | Abyss:1  | Found a corrupted altar of Lugonu.
     9 | Abyss:1  | Found a corrupted altar of Lugonu.
    74 | Abyss:1  | Noticed a small abomination
    78 | Abyss:1  | Identified a +4 scimitar of flaming
    78 | Abyss:1  | Noticed an efreet
    97 | D:1      | Escaped the Abyss
   182 | D:1      | Reached * piety under Lugonu
   189 | D:1      | Reached skill level 2 in Dodging
   190 | D:1      | Reached XP level 2. HP: 16/29 MP: 2/2
   332 | D:1      | Identified a +0 club
   384 | D:1      | Reached skill level 2 in Invocations
   572 | D:1      | Identified a +0 short sword
   637 | D:1      | Identified a +0 dagger
   892 | D:1      | Reached XP level 3. HP: 36/36 MP: 3/3
  1101 | D:1      | Identified 4 scrolls of identify
  1101 | D:1      | Identified an amulet of the acrobat (You found it on level
                  | 1 of the Dungeon)
  1103 | D:1      | Identified a ring of protection from fire (You found it on
                  | level 1 of the Dungeon)
  1104 | D:1      | Identified a ring of protection from magic (You found it on
                  | level 1 of the Dungeon)
  1105 | D:1      | Identified a potion of heal wounds
  1183 | D:2      | Reached skill level 1 in Throwing
  1364 | D:2      | Identified a +0 club
  1391 | D:2      | Identified a +0 dagger
  1470 | D:2      | Reached ** piety under Lugonu
  1494 | D:2      | Identified a +0 flail
  1703 | D:3      | Identified a +0 dagger
  1707 | D:3      | Reached XP level 4. HP: 44/44 MP: 4/4
  1716 | D:3      | Identified a +0 club
  1814 | D:3      | Found a glowing drain.
  1818 | Sewer    | Entered a sewer
  1825 | Sewer    | Reached skill level 3 in Unarmed Combat
  1844 | Sewer    | Noticed Purgy
  1854 | Sewer    | Killed Purgy
  1854 | Sewer    | Identified a +0 troll leather armour {Purgy}
  1854 | Sewer    | Reached skill level 3 in Invocations
  1854 | Sewer    | Reached XP level 5. HP: 44/52 MP: 4/6
  2059 | Sewer    | Identified 3 potions of curing
  2060 | Sewer    | Identified 3 potions of might
  2061 | Sewer    | Identified a potion of haste
  2062 | Sewer    | Identified a potion of ambrosia
  2067 | Sewer    | Identified a potion of mutation
  2067 | Sewer    | Gained mutation: Your muscles are strong. (Str +2) [potion
                  | of mutation]
  2067 | Sewer    | Gained mutation: You are dopey. (Int -2) [potion of
                  | mutation]
  2067 | Sewer    | Gained mutation: You are somewhat resistant to further
                  | mutation. [potion of mutation]
  2068 | Sewer    | Identified a potion of resistance
  2095 | D:3      | Identified a +0 whip
  2099 | D:3      | Identified a +0 short sword
  2161 | D:3      | Identified a +0 dagger
  2165 | D:3      | Identified a +0 dagger
  2165 | D:3      | Identified a +0 leather armour
  2165 | D:3      | Noticed Ijyb
  2173 | D:3      | HP: 5/52 [acid (10)]
  2178 | D:3      | HP: 4/52 [poisoned by a kobold]
  2182 | D:3      | Killed Ijyb
  2183 | D:3      | HP: 7/52 [poisoned by a kobold]
  2189 | D:3      | HP: 7/52 [poisoned by a kobold]
  2194 | D:3      | HP: 9/52 [poisoned by a kobold]
  2199 | D:3      | HP: 12/52 [poisoned by a kobold]
  2403 | D:3      | Identified a +0 club
  2525 | D:3      | Identified a +0 dagger
  2634 | D:3      | Identified 6 scrolls of teleportation
  2635 | D:3      | Identified 2 scrolls of blinking
  2662 | D:4      | Reached XP level 6. HP: 47/59 MP: 7/7
  2724 | D:4      | Identified a cursed +0 dagger
  2724 | D:4      | Identified a +2 mace of draining
  2724 | D:4      | Identified a +0 ring mail
  2724 | D:4      | Identified a +0 mace
  2725 | D:4      | Identified a +0 short sword
  2725 | D:4      | Identified a +0 leather armour
  2729 | D:4      | Identified a +0 falchion
  2734 | D:4      | Reached *** piety under Lugonu
  2737 | D:4      | Reached skill level 3 in Fighting
  2737 | D:4      | Reached skill level 1 in Armour
  2741 | D:4      | Reached skill level 4 in Unarmed Combat
  2838 | D:4      | Reached skill level 2 in Throwing
  2938 | D:4      | Identified a +0 dagger
  2938 | D:4      | Identified a +0 robe
  2938 | D:4      | Identified a +0 dagger
  2938 | D:4      | Identified a +0 robe
  2938 | D:4      | Identified a +0 whip
  2943 | D:4      | Identified a +0 flail
  3255 | D:5      | Entered Level 5 of the Dungeon
  3302 | D:5      | Identified a +0 club
  3302 | D:5      | Identified a +0 whip
  3304 | D:5      | Identified a +0 spear
  3310 | D:5      | Reached XP level 7. HP: 67/67 MP: 8/8
  3352 | D:5      | Found a staircase to the Ecumenical Temple.
  3473 | D:5      | Identified a +2 short sword of venom
  3473 | D:5      | Identified a +0 chain mail
  3473 | D:5      | Identified a +0 mace
  3473 | D:5      | Identified a +0 scale mail
  3474 | D:5      | Identified a +0 leather armour
  3492 | D:5      | You fall into a shaft and drop 3 floors!
  3519 | D:8      | Reached skill level 2 in Armour
  3524 | D:8      | Identified a potion of berserk rage
  3558 | D:8      | Identified a potion of brilliance
  3563 | D:8      | Identified a +0 mace
  3563 | D:8      | Identified a +0 chain mail
  3570 | D:8      | Identified a +0 short sword
  3572 | D:8      | Identified a +0 dagger
  3572 | D:8      | Identified a +0 robe
  3576 | D:8      | Identified a +0 falchion
  3576 | D:8      | Identified a +0 leather armour
  3586 | D:8      | Reached skill level 3 in Dodging
  3586 | D:8      | Reached skill level 4 in Invocations
  3592 | D:8      | Noticed a wraith
  3615 | D:8      | Killed a wraith
  3615 | D:8      | Reached skill level 5 in Unarmed Combat
  3667 | D:8      | Reached skill level 3 in Armour
  3667 | D:8      | Reached XP level 8. HP: 76/78 MP: 10/10
  3717 | D:7      | Reached skill level 3 in Throwing
  3752 | D:7      | Identified a +0 giant club
  3812 | D:6      | Identified a +0 whip
  3812 | D:6      | Identified a +0 leather armour
  3812 | D:6      | Identified a +0 leather armour
  3813 | D:6      | Identified a +0 dagger
  3813 | D:6      | Identified a cursed +0 robe
  3814 | D:6      | Identified a +0 war axe
  3814 | D:6      | Identified a +0 plate armour
  3814 | D:6      | Identified a +0 hand axe
  3832 | D:6      | Reached skill level 5 in Invocations
  3906 | D:6      | Identified a +0 giant club
  3988 | D:5      | Identified a +0 giant club
  4005 | D:5      | Reached skill level 4 in Fighting
  4005 | D:5      | Reached skill level 6 in Unarmed Combat
  4147 | D:5      | Reached **** piety under Lugonu
  4407 | D:5      | Reached XP level 9. HP: 84/84 MP: 11/11
  4537 | D:6      | Identified a +0 mace
  4537 | D:6      | Identified a +0 leather armour
  4539 | D:6      | Identified a +0 mace
  4539 | D:6      | Identified a +0 ring mail
  4540 | D:6      | Identified a +0 trident
  4542 | D:6      | Identified a cursed +0 short sword
  4542 | D:6      | Identified a cursed -2 chain mail
  4551 | D:6      | Reached skill level 4 in Armour
  4914 | D:6      | Identified a +0 shortbow
  4914 | D:6      | Identified an uncursed amulet of regeneration
  4929 | D:6      | Identified a +0 whip
  4932 | D:6      | Identified a +0 dagger
  4932 | D:6      | Identified a +0 robe
  4932 | D:6      | Identified a +0 dagger
  4932 | D:6      | Identified a +0 scale mail
  4936 | D:6      | Reached skill level 4 in Dodging
  4993 | D:6      | Identified a +0 dagger
  4993 | D:6      | Identified a +0 mace
  4993 | D:6      | Identified a +0 dagger
  4993 | D:6      | Identified a +0 robe
  4993 | D:6      | Identified a +0 short sword
  4993 | D:6      | Identified a +0 leather armour
  5014 | D:6      | Identified a +0 dagger
  5014 | D:6      | Identified a +0 robe
  5019 | D:6      | Identified a +0 dagger
  5019 | D:6      | Identified a +0 robe
  5041 | D:6      | Identified a +0 mace
  5041 | D:6      | Identified a +0 chain mail
  5212 | D:6      | Identified a cursed -3 mace
  5319 | D:7      | Reached skill level 4 in Throwing
  5319 | D:7      | Reached skill level 6 in Invocations
  5339 | D:7      | Identified a +2 battleaxe of electrocution
  5339 | D:7      | Identified a +0 plate armour
  5339 | D:7      | Identified a +0 flail
  5339 | D:7      | Identified a +0 hand axe
  5341 | D:7      | Identified a +0 dagger
  5341 | D:7      | Identified a +0 robe
  5342 | D:7      | Identified a +0 club
  5523 | D:7      | Reached skill level 7 in Unarmed Combat
  5668 | D:7      | Found a shimmering altar of Xom.
  6149 | D:8      | Identified a +0 dagger
  6167 | D:8      | Found the +5 scythe "Finisher" {speed, eviscerate}
  6304 | D:8      | Found a glowing golden altar of the Shining One.
  6355 | D:8      | Identified a +0 club
  6356 | D:8      | Identified a +0 whip
  6356 | D:8      | Identified a +0 dagger
  6357 | D:8      | Identified a +0 whip of venom
  6504 | D:9      | Identified a +0 giant spiked club
  6574 | D:9      | Reached XP level 10. HP: 94/94 MP: 14/14
  6623 | D:9      | Identified a +0 whip
  6623 | D:9      | Identified a +0 leather armour
  6624 | D:9      | Identified a +0 dagger
  6624 | D:9      | Identified a +0 robe
  6625 | D:9      | Identified a +0 hand axe
  6625 | D:9      | Identified a +0 chain mail
  6625 | D:9      | Identified a +0 flail
  6756 | D:9      | Identified a +0 short sword
  6756 | D:9      | Identified a +0 leather armour
  6763 | D:9      | Reached ***** piety under Lugonu
  6771 | D:9      | Identified a +0 scale mail
  6894 | D:9      | HP: 14/94 [troll (16)]
  7010 | D:9      | Identified a +0 troll leather armour
  7010 | D:9      | Reached skill level 5 in Fighting
  7010 | D:9      | Reached skill level 7 in Invocations
  7083 | D:9      | Found a sparkling altar of Nemelex Xobeh.
  7146 | D:9      | Identified a cursed -2 dagger
  7146 | D:9      | Identified a +0 robe
  7146 | D:9      | Identified a +0 dagger
  7146 | D:9      | Identified a +0 robe
  7146 | D:9      | Identified a cursed +0 dagger
  7146 | D:9      | Identified a +0 robe
  7186 | D:9      | Identified a +0 short sword
  7186 | D:9      | Identified a +0 mace
  7186 | D:9      | Identified a +0 leather armour
  7186 | D:9      | Identified a +0 flail
  7186 | D:9      | Identified a +0 leather armour
  7186 | D:9      | Identified a +0 club
  7195 | D:9      | Reached skill level 8 in Unarmed Combat
  7358 | D:9      | Identified a +0 mace
  7358 | D:9      | Identified a +0 mace
  7358 | D:9      | Identified a +0 hand axe
  7358 | D:9      | Identified a +0 hand axe
  7358 | D:9      | Identified a +0 chain mail of cold resistance
  7358 | D:9      | Identified a +0 dagger
  7358 | D:9      | Identified a +0 robe
  7359 | D:9      | Identified a +0 dire flail
  7359 | D:9      | Identified a +0 chain mail
  7359 | D:9      | Identified a +0 scale mail
  7360 | D:9      | Identified a +0 dagger
  7360 | D:9      | Identified a +0 robe
  7374 | D:9      | Identified a +0 flail
  7391 | D:9      | Identified a +0 leather armour
  7391 | D:9      | Identified a +0 hand axe of flaming
  7391 | D:9      | Identified a +0 flail
  7391 | D:9      | Identified a +0 plate armour
  7393 | D:9      | Identified a +0 flail
  7406 | D:9      | Reached skill level 5 in Dodging
  7417 | D:9      | Identified a +0 halberd
  7417 | D:9      | Identified a +0 plate armour
  7418 | D:9      | Identified a cursed -3 club
  7418 | D:9      | Identified a +0 ring mail
  7419 | D:9      | Identified a cursed -2 short sword
  7512 | D:9      | Found a staircase to the Orcish Mines.
  7562 | D:9      | Reached skill level 5 in Throwing
  7621 | D:10     | Entered Level 10 of the Dungeon
  7775 | D:10     | Reached skill level 8 in Invocations
  7937 | D:10     | Identified a +0 hand axe
  7937 | D:10     | Identified a +0 chain mail
  7957 | D:10     | Reached skill level 9 in Unarmed Combat
  7976 | D:10     | Reached XP level 11. HP: 47/104 MP: 16/16
  8127 | D:10     | Found a staircase to the Lair.
  8201 | D:10     | Identified a +2 dagger of draining
  8201 | D:10     | Identified a +0 robe
  8390 | D:10     | Identified a +0 giant spiked club
  8741 | Lair:1   | Entered Level 1 of the Lair of Beasts
  9032 | Lair:1   | Reached skill level 6 in Fighting
  9126 | Lair:1   | Reached skill level 6 in Throwing
  9479 | Lair:1   | Reached skill level 6 in Dodging
  9479 | Lair:1   | Reached skill level 9 in Invocations
  9496 | Lair:1   | Reached skill level 10 in Unarmed Combat
  9735 | Lair:1   | Reached ****** piety under Lugonu
 10148 | Lair:2   | Noticed a four-headed hydra
 10385 | D:10     | Killed a six-headed hydra
 10449 | D:10     | Identified a potion of flight
 10450 | D:10     | Identified 2 potions of lignification
 10451 | D:10     | Identified 4 scrolls of fear
 10452 | D:10     | Identified 4 scrolls of remove curse
 10453 | D:10     | Identified an amulet of reflection (You found it on level 1
                  | of the Lair of Beasts)
 10454 | D:10     | Identified 2 scrolls of enchant weapon
 10456 | D:10     | Identified a ring of see invisible (You found it on level 5
                  | of the Dungeon)
 10458 | D:10     | Identified a ring of stealth (You found it on level 3 of
                  | the Dungeon)
 10460 | D:10     | Identified a ring of resist corrosion (You found it on
                  | level 5 of the Dungeon)
 10462 | D:10     | Identified a ring of attention (You found it on level 2 of
                  | the Dungeon)
 10664 | Lair:2   | Reached XP level 12. HP: 115/115 MP: 18/18
 10904 | Lair:2   | HP: 25/115 [basilisk (15)]
 10909 | Lair:2   | HP: 24/115 [poisoned by a black mamba]
 10914 | Lair:2   | HP: 24/115 [poisoned by a black mamba]
 10919 | Lair:2   | HP: 25/115 [poisoned by a black mamba]
 11076 | Lair:2   | Reached skill level 1 in Evocations
 11587 | Lair:3   | Found a staircase to the Shoals.
 12207 | Lair:4   | Noticed a five-headed hydra
 12288 | Lair:4   | Identified 3 scrolls of enchant armour
 12300 | Lair:3   | Reached skill level 10 in Invocations
 12313 | Lair:3   | Reached skill level 7 in Throwing
 12333 | Lair:4   | Reached skill level 11 in Unarmed Combat
 12334 | Lair:4   | HP: 19/115 [yak (11)]
 12335 | Lair:4   | Mangled by a komodo dragon

Table legend:
 A = Turns spent in this place as a percentage of turns spent in the entire game.
 B = Non-inter-level travel turns spent in this place as a percentage of non-inter-level travel turns spent in the entire game.
 C = Inter-level travel turns spent in this place as a percentage of turns spent in this place.
 D = Turns resting spent in this place as a percentage of non-inter-level travel turns spent in this place.
 E = Turns spent auto-exploring this place as a percentage of non-inter-level travel turns spent in this place.
 F = Non-inter-level travel turns spent in this place divided by the number of levels of this place that you've seen.
                   A       B       C       D       E      F
               +-------+-------+-------+-------+-------+----------------------
         Total | 100.0 | 100.0 |   4.5 |  10.3 |  61.3 | 736.4
       Dungeon |  71.4 |  71.0 |   5.0 |   9.5 |  63.2 | 836.7
          Lair |  25.6 |  25.9 |   3.4 |  13.5 |  59.4 | 762.5
         Abyss |   0.8 |   0.8 |   0.0 |   5.2 |   0.0 |  97.0
         Sewer |   2.2 |   2.3 |   0.0 |   1.5 |  48.5 | 268.0
               +-------+-------+-------+-------+-------+----------------------

Table legend:
 A = Kills in this place as a percentage of kills in entire the game.
 B = Kills by you in this place as a percentage of kills by you in the entire game.
 C = Kills by friends in this place as a percentage of kills by friends in the entire game.
 D = Other kills in this place as a percentage of other kills in the entire game.
 E = Experience gained in this place as a percentage of experience gained in the entire game.
 F = Experience gained in this place divided by the number of levels of this place that you have seen.
                   A       B       C       D       E      F
               +-------+-------+-------+-------+-------+----------------------
         Total | 100.0 | 100.0 |   N/A |   N/A | 100.0 | 1828.6
       Dungeon |  78.1 |  78.1 |   N/A |   N/A |  47.7 | 1396.6
          Lair |  19.3 |  19.3 |   N/A |   N/A |  51.8 | 3788.8
         Sewer |   2.6 |   2.6 |   N/A |   N/A |   0.5 | 136.0
               +-------+-------+-------+-------+-------+----------------------

Skill      XL: |  1  2  3  4  5  6  7  8  9 10 11 12 |
---------------+-------------------------------------+-----
Dodging        | 2 3 4 5 6 |  6.7
Invocations    | 2 3 4 5 6 8 9 10 | 10.0
Throwing       | 1 2 3 4 5 6 7 |  7.0
Unarmed Combat | 3 4 5 6 7 9 10 11 | 11.0
Fighting       | 3 4 5 6 |  6.8
Armour         | 1 3 4 |  4.0
Evocations     | 1 |  1.8

Action                   |  1- 3 |  4- 6 |  7- 9 | 10-12 || total
-------------------------+-------+-------+-------+-------++-------
Melee: Unarmed           |   113 |   143 |   318 |   638 ||  1212
       Punch             |     1 |     1 |     8 |    26 ||    36
Throw: Stone             |    99 |    97 |   170 |   191 ||   557
       Boomerang         |       |       |       |    53 ||    53
       Large rock        |       |       |       |    16 ||    16
       Dart              |       |       |       |     3 ||     3
Invok: Depart the Abyss  |     1 |       |       |       ||     1
Evoke: Wand              |       |       |       |     9 ||     9
  Use: Scroll            |     2 |     4 |     2 |     9 ||    17
       Potion            |       |     5 |       |     1 ||     6
  Eat: Chunk             |    21 |    16 |    27 |    62 ||   126
Armor: Robe              |    56 |    11 |       |       ||    67
       Troll leather arm |       |    30 |    85 |   174 ||   289
Dodge: Dodged            |    84 |    66 |   131 |   378 ||   659

Vanquished Creatures
  A hydra (D:10)
  A manticore (Lair:3)
  5 elephants
  2 black mambas
  3 spiny frogs (Lair:1)
  2 centaur skeletons
  A komodo dragon (Lair:2)
  A troll (D:9)
  4 blink frogs (Lair:2)
  2 dream sheep (Lair:3)
  8 hippogriffs
  3 wraiths (D:8)
  2 wyverns (Lair:1)
  28 yaks
  2 basilisks
  A hungry ghost (D:10)
  A steam dragon (D:9)
  11 porcupines
  3 water moccasins
  9 orc warriors
  3 ice beasts
  A sky beast (D:10)
  4 black bears
  2 phantoms
  Purgy (Sewer)
  5 ogres
  3 wolves (D:10)
  15 crocodiles
  A centaur (D:6)
  A big kobold (D:8)
  7 bullfrogs
  A wyvern zombie (D:8)
  3 scorpions
  6 killer bees (D:9)
  A howler monkey (D:5)
  3 crimson imps
  6 hounds
  A jelly (D:9)
  9 orc priests
  2 bullfrog skeletons
  Ijyb (D:3)
  3 iguanas
  7 worker ants
  16 orc wizards
  A hound skeleton (D:10)
  7 adders
  3 gnolls (D:5)
  2 shadow imps
  2 oozes
  An adder skeleton (D:7)
  A worm (D:3)
  4 dart slugs
  3 leopard geckos
  49 orcs
  10 giant cockroaches
  7 goblins
  10 hobgoblins
  5 quokkas
  2 ball pythons (Sewer)
  10 bats
  10 frilled lizards
  16 kobolds
  12 rats
347 creatures vanquished.

Vanquished Creatures (others)
  An ogre (D:7)
  A scorpion (D:7)
  3 worker ants (D:7)
  A hound zombie (D:7)
  A gnoll (D:7)
  An orc (D:7)
  A giant cockroach (D:7)
  A fungus (Lair:2)
  5 plants
15 creatures vanquished.

Grand Total: 362 creatures vanquished
